 Dungeon Crawl Stone Soup version 0.28.0-45-g0d030f2227 (webtiles) character file.

Game seed: 15801192163112688275

14693 theElss the Fighter (level 12, -2/120 HPs)
             Began as a Gargoyle Berserker on Apr 11, 2022.
             Was an Elder of Trog.
             Slain by a wolf (5 damage)
             ... on level 4 of the Lair of Beasts.
             The game lasted 00:25:48 (14892 turns).

theElss the Fighter (Gargoyle Berserker)           Turns: 14892, Time: 00:25:49

Health: -2/120     AC: 29    Str: 22    XL:     12   Next: 19%
Magic:  0/12       EV:  9    Int: 10    God:    Trog [****..]
Gold:   934        SH:  0    Dex: 11    Spells: 11/11 levels left

rFire   + + .      SeeInvis .   L - +9 morningstar of Peril {flame, rF+ rN+}
rCold   . . .      Faith    .   (no shield)
rNeg    + + +      Spirit   +   v - +0 plate armour
rPois   ∞          Reflect  .   G - +1 helmet
rElec   +          Harm     .   (no cloak)
rCorr   .          Rampage  .   o - +0 pair of gloves
Will    .....                   A - +0 pair of boots
Stlth   ..........              C - amulet of guardian spirit
HPRegen 0.30/turn               q - ring of protection from fire
MPRegen 0.13/turn               H - ring of positive energy

@: berserking (expiring), very quick
A: sickness immunity, AC +8, negative energy resistance 1, electricity
resistance, torment resistance 1, petrification resistance
a: Renounce Religion, Berserk, Trog's Hand, Brothers in Arms


You were on level 4 of the Lair of Beasts.
You worshipped Trog.
Trog was greatly pleased with you.
You visited 2 branches of the dungeon, and saw 14 of its levels.
You also visited: Gauntlet.

You collected 934 gold pieces.

Inventory:

Hand Weapons
 g - a +2 mace of draining
 B - a +2 whip of electrocution
 L - the +9 morningstar of Peril (weapon) {flame, rF+ rN+}
   (You found it on level 11 of the Dungeon)

   It burns those it strikes, dealing additional fire damage.
   rF:        It protects you from fire.
   rN:        It protects you from negative energy.
Missiles
 O - 3 throwing nets
Armour
 i - a +2 cloak of poison resistance
 o - a +0 pair of gloves (worn)
 v - a +0 plate armour (worn)
 A - a +0 pair of boots (worn)
 G - a +1 helmet (worn)
Jewellery
 p - an amulet of the acrobat
 q - a ring of protection from fire (left hand)
 C - an amulet of guardian spirit (around neck)
 H - a ring of positive energy (right hand)
 I - an amulet of magic regeneration
 R - a ring of resist corrosion
Wands
 l - a wand of charming (3)
 m - a wand of acid (5)
 z - a wand of paralysis (13)
 D - a wand of flame (28) (quivered)
 F - a wand of digging (2)
 P - a wand of polymorph (3)
 Q - a wand of iceblast (5)
Scrolls
 b - a scroll of amnesia {unknown}
 f - 8 scrolls of teleportation
 h - a scroll of enchant weapon {unknown}
 j - 3 scrolls of vulnerability {unknown}
 r - a scroll of torment {unknown}
 s - a scroll of magic mapping {unknown}
 t - 2 scrolls of noise {unknown}
 u - 2 scrolls of fog {unknown}
 x - a scroll of enchant armour {unknown}
 y - a scroll of immolation {unknown}
 E - 2 scrolls of summoning {unknown}
 J - a scroll of silence {unknown}
 K - a scroll of blinking {unknown}
 N - 2 scrolls of identify
Potions
 a - a potion of brilliance
 c - 3 potions of flight
 d - 6 potions of curing
 e - 2 potions of might {unknown}
 k - a potion of invisibility {unknown}
 n - 3 potions of cancellation
 w - 2 potions of lignification
 M - a potion of resistance {unknown}


   Skills:
 + Level 11.2 Fighting
 + Level 10.3 Maces & Flails
 + Level 11.0 Armour
 + Level 8.4 Dodging


You had 11 spell levels left.
You didn't know any spells.
Your spell library was empty.

Dungeon Overview and Level Annotations

Branches:
Dungeon (11/15)            Temple (0/1) D:7            Lair (2/6) D:9
Gauntlet (visited)
  Swamp: Lair:2-4    Shoals: Lair:2-4     Snake: Lair:2-4    Spider: Lair:2-4
    Orc: D:9-12

Altars:
Kikubaaqudgha
Okawaru
Zin
The Shining One

Shops:
D:7 *

Annotations:
D:6 3 runed translucent doors, dhn's ghost, novice MiFi


Innate Abilities, Weirdness & Mutations

You are immune to sickness and miasma.
Your stone body is resilient. (AC +8)
You are immune to poison.
You resist negative energy. (rN+)
You are resistant to electric shocks. (rElec)
You are resistant to unholy torment.
You are immune to petrification.


Message History

The wolf barely misses you. The wolf bites you but does no damage.
The wolf bites you.
* * * LOW HITPOINT WARNING * * *
The wolf bites you but does no damage.
You sock the yak! You burn the yak.
You kill the yak!
Trog accepts your kill. The wolf bites you but does no damage.
The wolf barely misses you. The wolf bites you but does no damage.
The wolf closely misses you.
Unknown command.
You closely miss the black mamba.
The black mamba bites you but does no damage.
The wolf closely misses you.
The wolf bites you but does no damage. x2
The wolf closely misses you.
The black mamba bites you but does no damage.
Unknown command.
You puncture the black mamba! You burn the black mamba.
The black mamba is moderately wounded.
The wolf closely misses you. The wolf barely misses you.
The wolf bites you but does no damage. The wolf closely misses you.
The black mamba bites you but does no damage.
You impale the black mamba!! You burn the black mamba.
You kill the black mamba!
Trog accepts your kill. The wolf barely misses you.
The wolf bites you but does no damage. The wolf barely misses you.
The wolf bites you but does no damage.
You completely miss the wolf.
The wolf bites you but does no damage. x2
The wolf completely misses you.
You bludgeon the wolf!! You burn the wolf.
You kill the wolf!
Trog accepts your kill. The wolf bites you.
* * * LOW HITPOINT WARNING * * *
The wolf closely misses you. The wolf bites you but does no damage.
Your Armour skill increases to level 11!
You are too berserk!
Unknown command.
You barely miss the wolf. The wolf completely misses you.
The wolf bites you but does no damage. The wolf bites you.
You die...

. #P..#
#.#P..# h#...#
+ ....# P..
...# #...##..#
# #...h.## #P#
#hh.# #.)
#@h.# #[..
#######†h##
#...#....#...#
#....Y..#...##
##....S......#
#.(≈##..#...##
#..# #......#
#.. #..#...##
#... #††#....#


You could see 5 wolves.

Vanquished Creatures
  Harold (Lair:1)
  4 hydras
  A death yak (Lair:4)
  3 two-headed ogres
  Pikel (D:7)
  2 cyclopes
  A manticore (D:11)
  A black mamba (Lair:4)
  Maggie (Lair:1)
  Psyche (D:8)
  A komodo dragon (Lair:1)
  A freezing wraith (D:10)
  2 trolls
  A hornet (D:9)
  A wyvern (D:8)
  5 yaks
  A basilisk (Lair:1)
  A vampire mosquito (D:9)
  A steam dragon (D:8)
  3 water moccasins
  5 orc warriors
  3 sky beasts
  An ice beast (D:4)
  A black bear (D:5)
  A necrophage (D:7)
  A wolf (Lair:4)
  2 ogres (D:5)
  3 centaurs
  A lemure (D:7)
  A kobold brigand (D:9)
  5 bullfrogs
  3 scorpions
  A wyvern zombie (D:9)
  A water moccasin zombie (D:7)
  3 gnoll sergeants
  A wyvern skeleton (D:5)
  6 killer bees (D:9)
  6 howler monkeys
  2 hounds
  4 centaur zombies
  8 orc priests
  A jelly (D:5)
  3 iguanas
  5 orc wizards
  2 human simulacra (D:10)
  A howler monkey skeleton (D:6)
  2 howler monkey zombies
  8 adders
  22 gnolls
  A shadow imp (D:7)
  A white imp (D:7)
  An ufetubus (D:5)
  5 dart slugs
  25 orcs
  6 endoplasms
  5 giant cockroaches
  6 goblins
  6 hobgoblins
  2 jackals (D:1)
  13 kobolds
  2 quokkas (D:1)
  13 ball pythons
  5 bats
  5 frilled lizards
  7 rats
239 creatures vanquished.

Vanquished Creatures (others)
  Maurice (D:9)
  8 fungi (Gauntlet)
  26 plants
35 creatures vanquished.

Grand Total: 274 creatures vanquished

Notes
Turn   | Place    | Note
-------+----------+-------------------------------------------
     0 | D:1      | theElss the Gargoyle Berserker began the quest for the Orb.
     0 | D:1      | Reached XP level 1. HP: 14/14 MP: 1/1
   167 | D:1      | Reached XP level 2. HP: 5/19 MP: 2/2
   826 | D:1      | Reached XP level 3. HP: 23/23 MP: 3/3
  1063 | D:1      | Reached ** piety under Trog
  1280 | D:2      | Identified the +6 hand axe of Broken Luck {flame, Contam
                  | rElec Int+4}
  1601 | D:2      | Reached XP level 4. HP: 29/29 MP: 4/4
  1856 | D:2      | Found a faded altar of an unknown god.
  2286 | D:3      | Found a glowing golden altar of the Shining One.
  2387 | D:3      | Reached XP level 5. HP: 27/33 MP: 5/5
  2578 | D:3      | Reached *** piety under Trog
  3141 | D:4      | Reached XP level 6. HP: 39/39 MP: 6/6
  3301 | D:4      | Found an iron altar of Okawaru.
  3826 | D:4      | Noticed an ice beast
  3832 | D:4      | Killed an ice beast
  4305 | D:5      | Entered Level 5 of the Dungeon
  4306 | D:5      | You fall into a shaft and drop 3 floors!
  4389 | D:8      | Reached skill level 5 in Fighting
  4389 | D:8      | Reached XP level 7. HP: 44/44 MP: 7/7
  4607 | D:8      | Noticed Psyche
  4612 | D:8      | Killed Psyche
  4613 | D:8      | Reached skill level 5 in Maces & Flails
  4613 | D:8      | Reached skill level 5 in Armour
  4663 | D:8      | Reached XP level 8. HP: 49/51 MP: 8/8
  4888 | D:4      | Identified the +9 long sword of Sulphur {freeze, rN+ Str+2}
  5933 | D:6      | Found a runed translucent gate.
  5933 | D:6      | Found a runed translucent gate.
  5934 | D:6      | Found a runed translucent gate.
  5934 | D:6      | Noticed dhn's ghost (novice MiFi)
  6003 | D:6      | Reached XP level 9. HP: 56/56 MP: 9/9
  6765 | D:6      | Reached skill level 5 in Dodging
  6805 | D:6      | Reached **** piety under Trog
  7023 | D:7      | Noticed Pikel
  7468 | D:7      | Found Zin's Purification Station.
  7872 | D:7      | Found a glowing silver altar of Zin.
  8033 | D:7      | Found a staircase to the Ecumenical Temple.
  8356 | D:7      | Killed Pikel
  8474 | D:8      | Reached XP level 10. HP: 64/64 MP: 10/10
  8544 | D:8      | Noticed Maurice
  9014 | D:9      | Noticed a cyclops
  9022 | D:9      | Killed a cyclops
  9073 | D:9      | Found a staircase to the Lair.
  9255 | D:9      | Noticed a two-headed ogre
  9262 | D:9      | Killed a two-headed ogre
  9409 | D:9      | Noticed a two-headed ogre
  9413 | D:9      | Killed a two-headed ogre
  9728 | D:9      | Killed Maurice
 10134 | D:10     | Entered Level 10 of the Dungeon
 10248 | D:9      | HP: 2/66 [vampire mosquito (5)]
 10339 | D:9      | Reached XP level 11. HP: 43/71 MP: 9/11
 10790 | D:10     | Found an ancient bone altar of Kikubaaqudgha.
 11572 | D:11     | Noticed a manticore
 11583 | D:11     | Killed a manticore
 11761 | D:11     | Noticed a five-headed hydra
 11783 | D:11     | Killed a five-headed hydra
 11784 | D:11     | Reached skill level 10 in Fighting
 11964 | D:11     | Noticed a cyclops
 11976 | D:11     | Killed a cyclops
 12061 | D:11     | Noticed a two-headed ogre
 12462 | D:11     | Identified the +9 morningstar of Peril {flame, rF+ rN+}
 12471 | D:11     | Reached skill level 10 in Armour
 13123 | D:11     | Killed a two-headed ogre
 13292 | Lair:1   | Entered Level 1 of the Lair of Beasts
 13350 | Lair:1   | Noticed Harold
 13372 | Lair:1   | Killed Harold
 13481 | Lair:1   | Noticed Maggie
 13489 | Lair:1   | Killed Maggie
 13541 | Lair:1   | Found a gate leading to a gauntlet.
 13694 | Gauntlet | Entered a Gauntlet
 13694 | Gauntlet | Found a transporter.
 13694 | Gauntlet | Found a transporter.
 13698 | Gauntlet | Found a transporter.
 13698 | Gauntlet | Found a transporter.
 13700 | Gauntlet | Found a large runed translucent door.
 13701 | Gauntlet | Found a large runed translucent door.
 13702 | Gauntlet | Found a large runed translucent door.
 13702 | Gauntlet | Found a large runed translucent door.
 13702 | Gauntlet | Found a runed translucent door.
 13703 | Gauntlet | Found a runed translucent door.
 13703 | Gauntlet | Found a large runed translucent door.
 13704 | Gauntlet | Found a large runed translucent door.
 13704 | Gauntlet | Found a large runed translucent door.
 13704 | Gauntlet | Found a large runed translucent door.
 13705 | Gauntlet | Found a large runed translucent door.
 13705 | Gauntlet | Noticed a tengu warrior
 13706 | Gauntlet | Found a large runed translucent door.
 13710 | Gauntlet | Found a transporter.
 13710 | Gauntlet | Noticed a sixfirhy
 13713 | Gauntlet | Found a large runed translucent door.
 13713 | Gauntlet | Found a large runed translucent door.
 13714 | Gauntlet | Found a large runed translucent door.
 13714 | Gauntlet | Found a large runed translucent door.
 13714 | Gauntlet | Found a large runed translucent door.
 13714 | Gauntlet | Found a large runed translucent door.
 13714 | Gauntlet | Noticed a great orb of eyes
 13717 | Gauntlet | Found a runed translucent gate.
 13717 | Gauntlet | Found a runed translucent gate.
 13717 | Gauntlet | Found a runed translucent gate.
 13718 | Gauntlet | Noticed a blizzard demon
 13719 | Gauntlet | Found a transporter.
 13722 | Gauntlet | Noticed a white ugly thing
 13729 | Gauntlet | Found a transporter.
 13729 | Gauntlet | Found a transporter.
 13732 | Gauntlet | Found a transporter.
 13732 | Gauntlet | Noticed a moth of wrath
 13747 | Gauntlet | Found a transporter.
 13754 | Gauntlet | Found a transporter.
 13767 | Gauntlet | Noticed a spectral death yak
 13769 | Gauntlet | Noticed a death scarab
 13774 | Gauntlet | Found a transporter.
 13808 | Gauntlet | Found a transporter.
 13822 | Gauntlet | Noticed a death yak
 13823 | Gauntlet | Found a transporter.
 13823 | Gauntlet | Noticed a death yak
 13823 | Gauntlet | Noticed a death yak
 13823 | Gauntlet | Noticed a death yak
 13924 | Gauntlet | Found a transporter.
 13928 | Gauntlet | Noticed a sixfirhy
 13929 | Gauntlet | Noticed a sixfirhy
 13938 | Gauntlet | Found a transporter.
 14061 | Gauntlet | Noticed a moth of wrath
 14076 | Gauntlet | Identified the ring "Lerol" {rF+ rCorr AC+4 Int+5}
 14076 | Gauntlet | Noticed a minotaur
 14668 | Lair:2   | Noticed a four-headed hydra
 14677 | Lair:2   | Killed a four-headed hydra
 14678 | Lair:2   | Reached skill level 10 in Maces & Flails
 14798 | Lair:2   | You fall into a shaft and drop 2 floors!
 14804 | Lair:4   | Noticed a four-headed hydra
 14811 | Lair:4   | Killed a four-headed hydra
 14812 | Lair:4   | Reached XP level 12. HP: 68/79 MP: 9/12
 14860 | Lair:4   | Noticed an eight-headed hydra
 14861 | Lair:4   | Noticed a death yak
 14878 | Lair:4   | Killed an eight-headed hydra
 14883 | Lair:4   | Killed a death yak
 14885 | Lair:4   | HP: 5/120 [wolf (6)]
 14891 | Lair:4   | HP: 3/120 [wolf (3)]
 14892 | Lair:4   | Slain by a wolf

Illustrated notes

Levels and vault maps discovered:
D:1:      dpeg_arrival_arbitrary_c, layout_loops_ring, minmay_tromino_mix6
D:2:      layout_loops_ring, nicolae_ecumenical_lake_church
D:3:      cheibrodos_pilgrimage, layout_basic,
          mainiacjoe_overflow_surrounded_room
D:4:      layout_basic, mainiacjoe_overflow_paths, hex_large, eino_tiny_chamber,
          minivault_26, chequers_big_river, minmay_bisected
D:5:      layout_basic, chequers_mini_garden
D:6:      layout_basic, ebering_ghost_rock_garden
D:7:      layout_cave_pools, zin_purify, minmay_temple_entry_overgrown,
          enter_bailey_5, uniq_pikel
D:8:      layout_rooms, uniq_maurice, uniq_psyche
D:9:      layout_gridville, lair_entry_dummy
D:10:     layout_irregular_city, amcnicky_altar_gilded, grunt_ministairs_1,
          bh_circular_ruins
D:11:     layout_layer_cave
Lair:1:   layout_cave_pods, gauntlet_entry_generic, uniq_maggie, uniq_harold
Lair:2:   layout_loops_ring, grunt_forest_large_clearings, grunt_megastairs_4,
          infiniplex_staircase_pool, uniq_sonja
Lair:4:   layout_regular_city, minmay_shoals_entry_hut,
          minmay_snake_entry_six_corridors, hangedman_lair_generics_rect

Skill      XL: |  1  2  3  4  5  6  7  8  9 10 11 12 |
---------------+-------------------------------------+-----
Dodging        | 2 3 4 5 7 8 |  8.4
Armour         | 3 4 5 6 7 9 10 11 | 11.0
Fighting       | 4 5 6 8 9 10 11 | 11.2
Maces & Flails | 4 5 6 7 8 10 | 10.3

Action                   |  1- 3 |  4- 6 |  7- 9 | 10-12 || total
-------------------------+-------+-------+-------+-------++-------
Melee: Mace              |   104 |   110 |   283 |   354 ||   851
       Punch             |     2 |     2 |     3 |     7 ||    14
       Morningstar       |       |       |       |    67 ||    67
       Unarmed           |       |       |       |     9 ||     9
Invok: Berserk           |       |     3 |     4 |    11 ||    18
       Trog's Hand       |       |       |     1 |     4 ||     5
  Use: Scroll            |       |       |     5 |     3 ||     8
       Potion            |       |       |       |     1 ||     1
 Stab: Sleeping          |     1 |     1 |       |       ||     2
       Invisible         |       |       |     1 |       ||     1
Armor: Animal skin       |    39 |    20 |       |       ||    59
       Ring mail         |       |    13 |       |       ||    13
       Chain mail        |       |    15 |    82 |       ||    97
       Plate armour      |       |       |   151 |   560 ||   711
Dodge: Dodged            |    66 |    67 |   149 |   320 ||   602
